Cogmind - Beta 16 @@@ ROGUE MODE // 2026.01.04 @ 16:08:01 Player: monistgf Result: Destroyed by Y6-G5F(R) with Subdweller Beam Cannon Performance ------------- Evolutions (0) 0 Regions Visited (2) 400 Robots Destroyed (16) 80 Value Destroyed (479) 479 Prototype IDs (0) 0 Alien Tech Used (0) 0 Bonus (0) 0 TOTAL SCORE: 959 Bonus ------- None Cogmind --------- Core Integrity 0/250 Matter 82/300 Energy 200/200 System Corruption 0% Temperature Cool (9) Movement Treading (160) Location -10/Subcaves Parts ------- > --- POWER (1) -------- Subdweller Power Source > --- PROPULSION (2) --- Light Treads Subdweller Monowheel > --- UTILITY (2) ------ Small Storage Unit Subdweller Optics > --- WEAPON (2) ------- Autogun Autogun > --- INVENTORY (8) ---- Ion Engine Wheel High-capacity Matter Pod (200) Subdweller Laser Peak State ------------ > --- POWER ------------ Subdweller Power Source > --- PROPULSION ------- Wheel Subdweller Monowheel > --- UTILITY ---------- Small Storage Unit Visual Processing Unit > --- WEAPON ----------- Autogun Battle Rifle > --- INVENTORY -------- Ion Engine Light Treads Wheel High-capacity Matter Pod Subdweller Laser Autogun [Rating: 12] Favorites ----------- Power Ion Engine Engine Ion Engine Propulsion Wheel Treads Light Treads Leg Aluminum Leg Wheel Wheel Utility Small Storage Unit Device Subdweller Optics Storage Small Storage Unit Processor Visual Processing Unit Protection Light Armor Plating Weapon Autogun Energy Gun Small Laser Ballistic Gun Autogun Build | -11 -10 -10 ------- Run | Yrd Mat Sub Slots Evolved . | . . . Power . | . . . Propulsion . | . . . Utility . | . . . Weapon . | . . . Parts Attached 23 | . 13 10 Power 2 | . 1 1 Engine 2 | . 1 1 Core . | . . . Reactor . | . . . Propulsion 7 | . 4 3 Treads 3 | . 2 1 Leg 1 | . 1 . Wheel 3 | . 1 2 Hover . | . . . Flight . | . . . Utility 7 | . 4 3 Device 1 | . . 1 Storage 1 | . 1 . Processor 1 | . . 1 Hackware . | . . . Protection 4 | . 3 1 Artifact . | . . . Weapon 7 | . 4 3 Energy Gun 1 | . 1 . Energy Cannon . | . . . Ballistic Gun 6 | . 3 3 Ballistic Cannon . | . . . Launcher . | . . . Special Weapon . | . . . Impact Weapon . | . . . Slashing Weapon . | . . . Piercing Weapon . | . . . Special Melee Weapon . | . . . Unidentified Prototypes . | . . . Parts Lost 7 | . 1 6 Power . | . . . Propulsion 2 | . . 2 Utility 3 | . 1 2 Weapon 2 | . . 2 Highest Loss Streak 4 | . 1 4 To Critical Strikes . | . . . Average Backups 6 | . 6 6 Power . | . . . Propulsion 2 | . 2 1 Utility 2 | . 1 2 Weapon 1 | . 1 1 Tool/Special . | . . . Unused Backups 8 | . 4 4 Power 1 | . 1 . Propulsion 2 | . 1 1 Utility 3 | . 1 2 Weapon 2 | . 1 1 Tool/Special . | . . . Average Slot Usage (%) 98 | . 95 100 Engine 14 | . 14 14 Treads 8 | . 11 7 Leg 2 | . 5 . Wheel 16 | . 11 21 Device 2 | . . 3 Storage 14 | . 14 14 Protection 10 | . 11 9 Ballistic Gun 26 | . 25 28 Peak Build Rating 12 | . 11 12 Average Rating 10 | . 9 10 On Entrance 7 | 6 6 10 Avg Prop Armor Cover (%) 8 | . 7 9 Naked Turns . | . . . Heaviest Build 21 | 11 21 19 Greatest Support 30 | 20 20 30 Greatest Overweight (x) 2 | . 2 1 Average Overweight (x) . | . 1 . Largest Inventory Capacity 8 | . 8 8 Average Capacity 8 | . 8 8 Most Carried 8 | . 8 8 Average Carried 6 | . 6 6 Final Capacity 8 | 8 8 8 Final Carried 8 | 6 8 4 Class Distribution -------------------- 81% | Mutant 18% | Scavenger-Mutant Dominant Class ---------------- Mutant | -10/Materials Mutant | -10/Subcaves Resources | -11 -10 -10 ----------- Run | Yrd Mat Sub Matter Collected 955 | 200 504 251 Remotely . | . . . Salvage Created 651 | . 498 153 Parts 37 | . 25 12 Haulers Intercepted 2 | . 2 . Recyclers Shooed 2 | . 2 . Parts Field Recycled . | . . . Retrieved Matter . | . . . Parts Self-Destructed 15 | . . 15 Prevented . | . . . Parts Restored . | . . . Kills | -11 -10 -10 ------- Run | Yrd Mat Sub Combat Hostiles Destroyed 11 | . 7 4 Guns 11 | . 7 4 Classes Destroyed 5 | . 4 1 Hauler 2 | . 2 . Recycler 1 | . 1 . Watcher 2 | . 2 . Grunt 7 | . 7 . Subdweller 4 | . . 4 Best Kill Streak 3 | . 3 1 Combat Bots Only 2 | . 2 1 Max Kills in Single Turn 1 | . 1 1 Gunslinging . | . . . Exploded . | . . . Melee . | . . . Uniques/NPCs Destroyed . | . . . Combat | -11 -10 -10 -------- Run | Yrd Mat Sub Hostile Shots Fired 81 | . 39 42 Missed 13 | . 2 11 Hits 68 | . 37 31 Projectile 68 | . 37 31 Damage Taken 1301 | . 514 787 Core 258 | . 56 202 Absorbed by Shields . | . . . Core Remaining (%) 100 | 100 . . Volleys Fired 73 | . 39 34 Largest 2 | . 2 2 Hottest 48 | . 46 48 Shots Fired 146 | . 78 68 Gun 146 | . 78 68 Cannon . | . . . Launcher . | . . . Special . | . . . Kinetic 146 | . 78 68 Thermal . | . . . Explosive . | . . . Electromagnetic . | . . . Robot Hit Streak 18 | . 17 18 Robot Miss Streak 3 | . 2 3 Penetration Max . | . . . Secondary Targets 1 | . 1 . Max Gunslinging Chain 1 | . 1 . Shots Hit Robots 104 | . 55 49 Core Hits 29 | . 20 9 Critical Kills 1 | . 1 . Critical Parts Destroyed . | . . . Critical Strikes 3 | . 1 2 Destroy 3 | . 1 2 Melee Attacks . | . . . Impact . | . . . Slashing . | . . . Piercing . | . . . Sneak Attacks . | . . . Combat Hostiles . | . . . Follow-up Attacks . | . . . Damage Inflicted 1586 | . 852 734 Guns 1586 | . 852 734 Cannons . | . . . Explosions . | . . . Melee . | . . . Ramming . | . . . Kinetic 1586 | . 852 734 Thermal . | . . . Explosive . | . . . Electromagnetic . | . . . Impact . | . . . Slashing . | . . . Piercing . | . . . Highest Corruption . | . . . Average Corruption . | . . . Corruption Purged . | . . . Corruption Blocked . | . . . Overload Shots . | . . . Overflow Damage . | . . . Projectiles . | . . . Explosions . | . . . Melee . | . . . Knockbacks . | . . . Impact . | . . . Kinetic . | . . . Secondary . | . . . Self-Inflicted Damage . | . . . Shots . | . . . Rammed . | . . . Targets Rammed . | . . . Kicked . | . . . Crushed . | . . . Highest Temperature 130 | . 130 . Average Temperature 47 | . 47 . Received Heat Transfer 498 | . 291 207 Siege Activations . | . . . Martial Activations . | . . . Shielding Activations . | . . . Robots Disrupted . | . . . Combat Hostiles . | . . . Robots Corrupted . | . . . Combat Hostiles . | . . . Parts Fried . | . . . Impact Corruptions . | . . . Robots Melted . | . . . Combat Hostiles . | . . . Parts Melted 2 | . . 2 Heat Transferred . | . . . Parts Sabotaged . | . . . Parts Stolen . | . . . Parts Stripped . | . . . Power Chain Reactions . | . . . Alert | -11 -10 -10 ------- Run | Yrd Mat Sub Maximum Alert Level . | . . . Low Security (%) 100 | . 100 . Level 1 . | . . . Level 2 . | . . . Level 3 . | . . . Level 4 . | . . . Level 5 . | . . . High Security . | . . . Max Security . | . . . Peak Influence 98 | . 98 . Initial . | . . . Average 28 | . 28 . Influence Increases 239 | . 239 . Destroy 0b10 Robot/C 140 | . 140 . Destroy 0b10 Robot/NC 25 | . 25 . Destroy Leader 48 | . 48 . Successful Hack 8 | . 8 . Destroy Structure 3 | . 3 . Lose Combat Pursuer 15 | . 15 . Influence Decreases 239 | . 157 82 Entered New Map 40 | . . 40 Time Decay 189 | . 147 42 Lost Part 10 | . 10 . Squads Dispatched 1 | . 1 . Investigation 1 | . 1 . Extermination . | . . . Reinforcement . | . . . Assault . | . . . Garrison . | . . . Intercept . | . . . Searches Triggered . | . . . Construction Impeded . | . . . Haulers Reinforced . | . . . Active Scanning Responses . | . . . Cargo Convoy Interrupts . | . . . Stealth | -11 -10 -10 --------- Run | Yrd Mat Sub Distress Signals 3 | . 3 . Communications Jammed . | . . . Distress Signals . | . . . Times Spotted 16 | . 11 5 Peak Tracking Total 3 | . 3 2 Tactical Retreats 1 | . 1 . Traps | -11 -10 -10 ------- Run | Yrd Mat Sub Traps Triggered 5 | . 2 3 Indirectly . | . . . Trap Hack Attempts . | . . . Triggered . | . . . Disarmed . | . . . Reprogrammed . | . . . Reused . | . . . Traps Extracted . | . . . Installed . | . . . Triggered . | . . . Machines | -11 -10 -10 ---------- Run | Yrd Mat Sub Machines Disabled . | . . . Max in Single Turn . | . . . Machines Repaired . | . . . Machines Dismantled . | . . . Machines Sabotaged . | . . . Overloaded Fab Kills . | . . . Hacking | -11 -10 -10 --------- Run | Yrd Mat Sub Machines Accessed 1 | . 1 . Terminals 1 | . 1 . Fabricators . | . . . Repair Stations . | . . . Recycling Units . | . . . Scanalyzers . | . . . Garrison Access . | . . . Total Hacks 2 | . 2 . Successful 1 | . 1 . Failed 1 | . 1 . Catastrophic 1 | . 1 . Database Lockouts . | . . . Manual 2 | . 2 . Terminals 2 | . 2 . Fabricators . | . . . Repair Stations . | . . . Recycling Units . | . . . Scanalyzers . | . . . Garrison Access . | . . . Terminal Hacks 1 | . 1 . Branch Access Points 1 | . 1 . Fabricator Hacks . | . . . Repair Station Hacks . | . . . Recycling Unit Hacks . | . . . Scanalyzer . | . . . Garrison Access Hacks . | . . . Unauthorized Hacks . | . . . Terminals . | . . . Fabricators . | . . . Repair Stations . | . . . Recycling Units . | . . . Scanalyzers . | . . . Garrison Access . | . . . Data Cores Recovered . | . . . Used . | . . . Hacking Detections 1 | . 1 . Full Trace Events . | . . . Feedback Events . | . . . Feedback Blocked . | . . . Robot Schematics Acquired . | . . . Robots Built . | . . . Authchips . | . . . Time . | . . . Total Robot Build Rating . | . . . Part Schematics Acquired . | . . . Parts Built . | . . . Authchips . | . . . Time . | . . . Total Part Build Rating . | . . . Part Studies Acquired . | . . . Parts Repaired . | . . . Time . | . . . Parts Recycled . | . . . Recycled Matter . | . . . Retrieved Matter . | . . . Retrieved Components . | . . . Parts Scanalyzed . | . . . Part Schematics Acquired . | . . . Parts Damaged . | . . . Bothacking | -11 -10 -10 ------------ Run | Yrd Mat Sub Used RIF Installer . | . . . Robots Hacked . | . . . Non-combat . | . . . Combat . | . . . Robot Hacks Applied . | . . . Relay Couplers Released . | . . . Fabnet Peak Effective % . | . . . Robots Rewired . | . . . Allies Hacked . | . . . Hacks Repelled . | . . . Allies | -11 -10 -10 -------- Run | Yrd Mat Sub Total Allies . | . . . Largest Group . | . . . Highest-Rated Group . | . . . Highest-Rated Ally . | . . . Total Orders . | . . . Ally Attacks . | . . . Total Damage . | . . . Kills . | . . . Allies Corrupted . | . . . Allies Melted . | . . . Intel | -11 -10 -10 ------- Run | Yrd Mat Sub Active Infowar (turns) 194 | . . 194 Optics 194 | . . 194 Robot Analysis Total . | . . . Derelict Logs Recovered . | . . . Drone Launches . | . . . Drone Recoveries . | . . . Exploration | -11 -10 -10 ------------- Run | Yrd Mat Sub Turns Passed 1087 | . 468 619 Spaces Moved 716 | 1 234 481 Core . | . . . Treads 7 | . 7 . Legs 60 | 1 59 . Wheels 649 | . 168 481 Hover . | . . . Flight . | . . . Fastest Speed 95 | 120 95 95 Average Speed 101 | 120 115 95 Slowest Speed 240 | 120 240 110 Overloaded Moves . | . . . Propulsion Burnouts . | . . . Robots Hopped . | . . . Potential Cave-ins . | . . . Cave-ins Triggered . | . . . Exploration Rate (%) 20 | 2 35 25 Regions Visited 2 Branch Regions 1 Pre-discovered Areas . | . . . Known Exits Taken . | . . . Unknown Exits Taken 2 | 1 1 . Scrap Searched 3 | . . 3 Spaces Dug . | . . . Terrain Destroyed . | . . . Melee . | . . . Projectile . | . . . AOE . | . . . Terrain Rammed . | . . . Walls Destroyed . | . . . Machines Disabled . | . . . Actions | -11 -10 -10 --------- Run | Yrd Mat Sub Total 958 | . 375 583 Wait 121 | . 71 50 Move 714 | . 233 481 Hop . | . . . Pick Up 9 | . 8 1 Fast Attach 7 | . 5 2 Attach 8 | . 2 6 Detach 2 | . 1 1 Swap 10 | . 6 4 Drop 14 | . 10 4 Fire 73 | . 39 34 Melee . | . . . Ram . | . . . Kick . | . . . Crush . | . . . Escape Stasis . | . . . Rewire . | . . . Trap . | . . . Miscellaneous . | . . . Route ------- -11/Scrapyard -10/Materials (discovered 3 exits: *Min x2 / [*Sub]) -10/Subcaves History --------- Turn | Location | Event 1 | -11/Scrapyard | Discovered new exit (range 0) 1 | -11/Scrapyard | Entered Materials 112 | -10/Materials | Discovered new exit (range 16) 129 | -10/Materials | Identified exit to Mines 230 | -10/Materials | Discovered new exit (range 7) 318 | -10/Materials | Build established: Mutant 469 | -10/Materials | Entered Subcaves 883 | -10/Subcaves | Core integrity fell below 50% 931 | -10/Subcaves | Lost 4 parts (1n2u1w) 1085 | -10/Subcaves | Core integrity fell below 20% 1088 | -10/Subcaves | Destroyed by Y6-G5F(R) with Subdweller Beam Cannon Last Messages --------------- 00889_ FK-N5G(R) affixes Scrap Shield Fragment to Scrap Shield. 00889_ FK-N5G(R) suffers critical hit (Destroy). 00892_ Lgt. Armor Plating destroyed. [Achievement: Spot Them First] 00895_ FK-N5G(R) suffers critical hit (Destroy). 00896_ Autogun destroyed. [Achievement: There's More Where That Came From] 00900_ Sub. Monowheel destroyed. 00908_ Sub. Monowheel melted. 00908_ FK-N5G(R) destroyed. 00912_ Acquired Sub. Laser. 00914_ Acquired Sub. Monowheel. 00918_ Acquired 72 matter. 00922_ Discarded Visual Processing Unit. 01061_ Battle Rifle destroyed. 01065_ Wheel destroyed. 01071_ P2-TIU(R) destroyed. 01076_ Y6-G5F(R) affixes Scrap Shield Fragment to Scrap Shield. Map ----- +----------------------------------------------------+ | ## # ##??## ## ##??# ## ##?##### #? | | "# #???## ## #### ### ##??????####? | | ## ##???# ##?# #???????????? | | #" #???# #### ##??#####???????????? | | # #???# ##""## ###????????? "???????? | | # ##???## #"$$"# ####???????? ???????? | | #"" ### ###???# #"$$"# # ####????? ??? #?? | | ###" ## # ##### ##""## ##??? ??? ##? | | "## ## ## ## # ###? #??? #? | | "### ## #!& & ## ## #???"""## | | #### #### # ####### ## #???""""? | | # ## # # ###??## ##" ###?""""? | | # ##??# ## ##" ###""#? | | # #??# #?? ##"" ##""#? | | # ## ##?# ###?##"" ## ## | | # ###### #?## ###" "" #?# # | | # ####????###### #??## """ ""### | | ## =##???????????## ## #?### " "" # | | ?# ! #???????###?# ## #####?# "" ## | | ?##&!#???????# ### ####?????# ## #####? | | ??# ##???????# #???????## ## ###????? | | ?##&####?###?# #???????# ##??#### | | ## &! ### ### #???????#### #### # | | # ## #?###??????# | | # ## ### #####?## ## | | # # # ## @![#?# ### ## | | # ###### ##R&## ## ##?### ####? | | ##?????## ## ### ## ### ##???###???? | | ????????## ## ## ## ?## #?????????? | | ???####### ## ### ## # ####?# ##?????????? | | ???# ## #####?## ## #????# ##??????????? | | ???# ##??????# ##???## ##???????????? | | ??## #???????## ### #????###????????????? | | ??# #????????####?## #???????????????????? | | ??### ##?????????????## ###???#??????? ????? | | ????# ##????????????### ### ### # | | ???## #???????????### # | | ???# ##???? """ #??? | | ???### #??????###= "" """"" # # # #??? | | ?????###????????#%="" """""" ##### #?? | | ????????????????#""###" """ ""??? ???? | | ?????????????????????# ## """ ""??? ?????? | | ?????????????????????##?# ## """#???? ????????? | | ??????????????????????? ###"""#????? ???????? | | ?????????????????????? #?## "?????? #?????? | | ?????????????????????" ##????# ???????# #?????? | | ???????????????????? ##???????##????????? #?????? | | ??????????????????? ????????????????????? ?????? | | ?????????????????? ????????????????????????????? | | ??????????????????? ?????????????????????????????? | +----------------------------------------------------+ Best States ------------- Heat Dissipation 25 Energy Generation 15 Energy Capacity 250 Matter Stores 300 Matter Capacity 300 Sight Range 21 Terrain Scan Density 10 Armor Coverage 225 Evasion (%) 55 Recoil Reduction 1 Item Schematics ----------------- None Robot Schematics ------------------ None Fabricated ------------ Nothing Repaired ---------- Nothing Studied --------- None Alien Tech Used ----------------- None Achievements -------------- DATA ERROR: Steam Global Achievement% Organ Harvest Spot Them First There's More Where That Came From Challenges ------------ None Game ------ Seed MetamassExperimentalDriver Manual? 0 Play Time 00:18:15 Cumulative 281.1 hours Start 2026.01.04 @ 15:52:21 End 2026.01.04 @ 16:08:01 Sessions 1 Manual Loads 0 Difficulty Rogue Special Mode None Game No. 184 Rogue 184 Adventurer 0 Explorer 0 Win Type - Total 5 Types 4/0/0/1/0/0/0/0/0/0 Lore% 32 Gallery% 60 Achievement% 32 Wizard Run 0 Options --------- Layout 2 ASCII 0 Keyboard 1 Movement Numpad Keybinds 0 Fullscreen 1 Font 32/SmallcapsGlow Map View 50x44 Zoom Use 0% Tactical HUD 1 Map Filters NONE Filters NONE Steam 1 RUN: 49c98b37-158c-4d18-9710-8e66fd923b84